Description

Build di Raynor nelle 2vs2

Build Order

Why is there no SALT encoding or Overwolf build?

    0:18  Pylon  
    0:39  Gateway  
    0:45  Assimilator  
    1:26  Nexus  
    1:35  Cybernetics Core  
    1:44  Assimilator  
    1:55  Pylon  
    2:22  Adept  
    2:24  Stargate  
    2:41  Pylon  
    2:42  Adept  
    3:03  Fleet Beacon  
    3:07  Gateway  
    3:09  Oracle  
    3:14  Phoenix  
    3:30  Phoenix  
    3:45  Stargate  
    4:07  Assimilator x2  
    4:20  Pylon  
Spawning Tool Build Advisor. Get it on Overwolf

Go to:

Details

  • Created by: lorenzo_1995
  • Published on: May 04, 2021
  • Modified on: May 04, 2021
  • Patch: 4.11.0
  • Difficulty: Hard
Show

Export as new Build Order

Comments (0)

There are no comments. Be the first!

Create an account to comment!